3AAA
PORT ROYAL DISASTER @ SALT LAKE CITY BUZZ
07/11/2025
 
TOP OF THE 1ST
Port Royal Disaster batting - Pitching for Salt Lake City Buzz : RHP Russ Horne
Pitching: RHP Russ Horne
Batting: RHB Manuel Becerra 0-0: Swinging Strike
0-1: Foul Ball, location: 2F
0-2: Strikes out swinging
Batting: RHB Sergio Martínez 0-0: Called Strike
0-1: Ball
1-1: Called Strike
1-2: Strikes out swinging
Batting: RHB Martín Méndez 0-0: Ball
1-0: Foul Ball, location: 2F
1-1: Swinging Strike
1-2: Strikes out looking
Top of the 1st over - 0 run(s), 0 hit(s), 0 error(s), 0 left on base; Port Royal 0 - Salt Lake City 0
BOTTOM OF THE 1ST
Salt Lake City Buzz batting - Pitching for Port Royal Disaster : RHP Bryan Boyd
Pitching: RHP Bryan Boyd
Batting: RHB Justin MacPherson 0-0: Bunted foul
0-1: Foul Ball, location: 2F
0-2: Ball
1-2: Ball
2-2: Ball
3-2: Base on Balls
Batting: SHB Carlton Reed 0-0: Ball
Justin MacPherson steals 2nd base
1-0: Called Strike
1-1: Ball
2-1: Ball
3-1: Swinging Strike
3-2: Fly out, F7 (Line Drive, 7)
Batting: LHB Randy Schlosser 0-0: Foul Ball, location: 2F
0-1: Ball
1-1: Ball
2-1: Ball
3-1: Base on Balls
Batting: RHB Gustavo Berrios 0-0: Ball
1-0: Ball
2-0: Swinging Strike
2-1: Ball
3-1: SINGLE (Groundball, 34D)
Justin MacPherson to third
Randy Schlosser to second
Batting: SHB Raymond Bright 0-0: Ball
1-0: Called Strike
1-1: SINGLE (Flyball, 8RS)
Justin MacPherson scores
Randy Schlosser to third
Gustavo Berrios to second
Batting: RHB Alan Rosales 0-0: SINGLE (Line Drive, 78M)
Randy Schlosser scores
Gustavo Berrios to third
Raymond Bright to second
Batting: RHB Patrick Clark 0-0: Ball
1-0: Foul Ball, location: 2F
1-1: Ball
2-1: Ball
3-1: Foul Ball, location: 2F
3-2: Fly out, F8 (Flyball, 8LS)
Batting: SHB Shelby Reusch 0-0: Swinging Strike
0-1: Foul Ball, location: 2F
0-2: Foul Ball, location: 2F
0-2: Ball
1-2: Ball
2-2: Fielders Choice at 2nd, 6-4 (Groundball, 6)
Bottom of the 1st over - 2 run(s), 3 hit(s), 0 error(s), 2 left on base; Port Royal 0 - Salt Lake City 2
TOP OF THE 2ND
Port Royal Disaster batting - Pitching for Salt Lake City Buzz : RHP Russ Horne
Batting: LHB José Martínez 0-0: Ground out U3 (Groundball, 3)
Batting: SHB Arsenio Sameiro 0-0: Ball
1-0: Ground out 6-3 (Groundball, 6)
Batting: RHB Ronnie Cleveland 0-0: Ball
1-0: Ball
2-0: Ball
3-0: Called Strike
3-1: Foul Ball, location: 2F
3-2: Base on Balls
Batting: RHB David McJannett 0-0: Called Strike
0-1: Foul Ball, location: 2F
0-2: Ball
1-2: Fielders Choice at 2nd, 4-6 (Groundball, 34)
Top of the 2nd over - 0 run(s), 0 hit(s), 0 error(s), 0 left on base; Port Royal 0 - Salt Lake City 2
BOTTOM OF THE 2ND
Salt Lake City Buzz batting - Pitching for Port Royal Disaster : RHP Bryan Boyd
Batting: RHB Juan Martínez 0-0: Ball
1-0: Ball
2-0: Swinging Strike
2-1: Ground out 5-3 (Groundball, 56S)
Batting: RHB Justin MacPherson 0-0: Foul Ball, location: 2F
0-1: Ball
1-1: Swinging Strike
1-2: Ground out 6-3 (Groundball, 6S)
Batting: SHB Carlton Reed 0-0: SINGLE (Line Drive, 9S)
Batting: LHB Randy Schlosser 0-0: Ball
1-0: Fielders Choice at 2nd, 6-4 (Groundball, 6)
Bottom of the 2nd over - 0 run(s), 1 hit(s), 0 error(s), 0 left on base; Port Royal 0 - Salt Lake City 2
TOP OF THE 3RD
Port Royal Disaster batting - Pitching for Salt Lake City Buzz : RHP Russ Horne
Batting: RHB David Verhoeve 0-0: Called Strike
0-1: Ball
1-1: Foul Ball, location: 2F
1-2: Foul Ball, location: 2F
1-2: Ball
2-2: Strikes out looking
Batting: LHB Davis Mills 0-0: Called Strike
0-1: Foul Ball, location: 2F
0-2: Ball
1-2: Foul Ball, location: 2F
1-2: Reached on error, E4 (Groundball, 4)
Batting: RHB Manuel Becerra 0-0: Ball
1-0: Foul Ball, location: 2F
1-1: Ball
2-1: Foul Ball, location: 2F
2-2: Strikes out swinging
Batting: RHB Sergio Martínez 0-0: Called Strike
0-1: Ball
1-1: Ball
2-1: 2-RUN HOME RUN (Flyball, 7D), Distance : 399 ft
Batting: RHB Martín Méndez 0-0: Ball
1-0: Ground out 6-3 (Groundball, 6)
Top of the 3rd over - 2 run(s), 1 hit(s), 1 error(s), 0 left on base; Port Royal 2 - Salt Lake City 2
BOTTOM OF THE 3RD
Salt Lake City Buzz batting - Pitching for Port Royal Disaster : RHP Bryan Boyd
Batting: RHB Gustavo Berrios 0-0: Ball
1-0: DOUBLE (Flyball, 78D)
Batting: SHB Raymond Bright 0-0: Ball
1-0: Fly out, F9 (Flyball, 9)
Batting: RHB Alan Rosales 0-0: Called Strike
0-1: Foul Ball, location: 2F
0-2: Ball
1-2: Foul Ball, location: 2F
1-2: Ball
2-2: Foul Ball, location: 2F
2-2: Fly out, F8 (Flyball, 8LS)
Batting: RHB Patrick Clark 0-0: Called Strike
0-1: Ball
1-1: Ground out U3 (Groundball, 34S)
Bottom of the 3rd over - 0 run(s), 1 hit(s), 0 error(s), 1 left on base; Port Royal 2 - Salt Lake City 2
TOP OF THE 4TH
Port Royal Disaster batting - Pitching for Salt Lake City Buzz : RHP Russ Horne
Batting: LHB José Martínez 0-0: Ball
1-0: Ball
2-0: Ball
3-0: Called Strike
3-1: Base on Balls
Batting: SHB Arsenio Sameiro 0-0: Ball
1-0: Ball
2-0: Foul Ball, location: 2F
2-1: Swinging Strike
2-2: Foul Ball, location: 2F
2-2: 2-RUN HOME RUN (Flyball, 8RXD), Distance : 452 ft
Batting: RHB Ronnie Cleveland 0-0: Ball
1-0: Ball
2-0: Ball
3-0: Base on Balls
Batting: RHB David McJannett 0-0: Called Strike
0-1: Foul Ball, location: 2F
0-2: Ball
1-2: Ball
2-2: Ball
3-2: SINGLE (Groundball, 6MD)
Ronnie Cleveland to second
Batting: RHB David Verhoeve 0-0: Ball
1-0: Foul Ball, location: 2F
1-1: Called Strike
1-2: DOUBLE (Line Drive, 9LD)
Ronnie Cleveland scores
David McJannett to third
Runner from 3rd tries for Home, throw and OUT!
David Verhoeve to third
Batting: LHB Davis Mills 0-0: Called Strike
0-1: Called Strike
0-2: Foul Ball, location: 2F
0-2: Ball
1-2: Ball
2-2: SINGLE (Flyball, 8LS)
David Verhoeve scores
Batting: RHB Manuel Becerra 0-0: Called Strike
0-1: Called Strike
0-2: Ball
1-2: Ball
2-2: Ball
3-2: SINGLE (Line Drive, 56D)
Davis Mills to second
Davis Mills to third
Batting: RHB Sergio Martínez 0-0: Called Strike
0-1: Fielders Choice at 2nd, 3-6 (Groundball, 3)
Davis Mills scores
Batting: RHB Martín Méndez 0-0: Ball
1-0: Foul Ball, location: 2F
1-1: Ball
2-1: Ball
3-1: Fly out, F9 (Flyball, 89D)
Top of the 4th over - 5 run(s), 5 hit(s), 0 error(s), 1 left on base; Port Royal 7 - Salt Lake City 2
BOTTOM OF THE 4TH
Salt Lake City Buzz batting - Pitching for Port Royal Disaster : RHP Bryan Boyd
Batting: SHB Shelby Reusch 0-0: Ball
1-0: Ball
2-0: SINGLE (Groundball, 34D)
Batting: RHB Juan Martínez 0-0: Ball
Shelby Reusch is caught stealing 2nd base
1-0: Ground out 6-3 (Groundball, 6)
Batting: RHB Justin MacPherson 0-0: Ball
1-0: Foul Ball, location: 2F
1-1: Foul Ball, location: 2F
1-2: Fly out, F8 (Flyball, 8LD)
Bottom of the 4th over - 0 run(s), 1 hit(s), 0 error(s), 0 left on base; Port Royal 7 - Salt Lake City 2
TOP OF THE 5TH
Port Royal Disaster batting - Pitching for Salt Lake City Buzz : RHP Russ Horne
Pitching: RHP Pedro Espinoza
Batting: LHB José Martínez 0-0: Ball
1-0: Ball
2-0: Called Strike
2-1: SINGLE (Groundball, 34D)
Batting: SHB Arsenio Sameiro 0-0: Called Strike
0-1: Ball
1-1: Ball
2-1: Fly out, F5 (Popup, 56S)
Batting: RHB Ronnie Cleveland 0-0: Foul Ball, location: 2F
0-1: Ball
1-1: Foul Ball, location: 2F
1-2: Ball
2-2: SINGLE (Line Drive, 56D)
José Martínez to second
Batting: RHB David McJannett 0-0: Ball
1-0: Swinging Strike
1-1: Ball
2-1: Ball
3-1: Base on Balls
José Martínez to third
Ronnie Cleveland to second
Batting: RHB David Verhoeve 0-0: Ball
1-0: Ball
2-0: SINGLE (Flyball, 8LS)
José Martínez scores
Ronnie Cleveland to third
David McJannett to second
Batting: LHB Davis Mills 0-0: Called Strike
0-1: Ball
1-1: Foul Ball, location: 2F
1-2: Ball
2-2: Ball
3-2: Foul Ball, location: 2F
3-2: Fly out, F7 (Flyball, 7S)
Batting: RHB Manuel Becerra 0-0: Fielders Choice at 2nd, 5-4 (Groundball, 56)
Top of the 5th over - 1 run(s), 3 hit(s), 0 error(s), 2 left on base; Port Royal 8 - Salt Lake City 2
BOTTOM OF THE 5TH
Salt Lake City Buzz batting - Pitching for Port Royal Disaster : RHP Bryan Boyd
Batting: SHB Carlton Reed 0-0: Called Strike
0-1: Ground out 3-1 (Groundball, 3S)
Batting: LHB Randy Schlosser 0-0: Called Strike
0-1: Ball
1-1: Ball
2-1: Fly out, F8 (Flyball, 8RM)
Batting: RHB Gustavo Berrios 0-0: Ball
1-0: Ball
2-0: Swinging Strike
2-1: Foul Ball, location: 2F
2-2: Ground out 6-3 (Groundball, 6S)
Bottom of the 5th over - 0 run(s), 0 hit(s), 0 error(s), 0 left on base; Port Royal 8 - Salt Lake City 2
TOP OF THE 6TH
Port Royal Disaster batting - Pitching for Salt Lake City Buzz : RHP Pedro Espinoza
Batting: RHB Sergio Martínez 0-0: Ball
1-0: Ball
2-0: Called Strike
2-1: Foul Ball, location: 2F
2-2: Foul Ball, location: 2F
2-2: Ball
3-2: Foul Ball, location: 2F
3-2: Foul Ball, location: 2F
3-2: Base on Balls
Batting: RHB Martín Méndez 0-0: Called Strike
0-1: Ball
1-1: Foul Ball, location: 2F
1-2: Grounds into double play, 5-4-3 (Groundball, 5L)
Batting: LHB José Martínez 0-0: Ball
1-0: Fly out, F8 (Line Drive, 8RM)
Top of the 6th over - 0 run(s), 0 hit(s), 0 error(s), 0 left on base; Port Royal 8 - Salt Lake City 2
BOTTOM OF THE 6TH
Salt Lake City Buzz batting - Pitching for Port Royal Disaster : RHP Bryan Boyd
Pitching: RHP Miguel Hernández
Batting: SHB Raymond Bright 0-0: Called Strike
0-1: Foul Ball, location: 2F
0-2: Ball
1-2: Strikes out swinging
Batting: RHB Alan Rosales 0-0: Called Strike
0-1: Ball
1-1: Ball
2-1: Ball
3-1: Base on Balls
Batting: RHB Patrick Clark 0-0: Ball
1-0: Ball
2-0: Foul Ball, location: 2F
2-1: Foul Ball, location: 2F
2-2: Ball
3-2: Base on Balls
Alan Rosales to second
Batting: SHB Shelby Reusch 0-0: Called Strike
0-1: Swinging Strike
0-2: Grounds into double play, 4-6-3 (Groundball, 4)
Bottom of the 6th over - 0 run(s), 0 hit(s), 0 error(s), 1 left on base; Port Royal 8 - Salt Lake City 2
TOP OF THE 7TH
Port Royal Disaster batting - Pitching for Salt Lake City Buzz : RHP Pedro Espinoza
Batting: SHB Arsenio Sameiro 0-0: Ball
1-0: Called Strike
1-1: Ball
2-1: Fly out, F7 (Flyball, 78M)
Batting: RHB Ronnie Cleveland 0-0: Ball
1-0: Ball
2-0: Ball
3-0: Called Strike
3-1: Called Strike
3-2: Fly out, F7 (Flyball, 7)
Batting: RHB David McJannett 0-0: Called Strike
0-1: Ball
1-1: Foul Ball, location: 2F
1-2: SINGLE (Line Drive, 4M)
Batting: RHB David Verhoeve 0-0: Ball
1-0: Called Strike
1-1: Foul Ball, location: 2F
1-2: Fly out, F7 (Flyball, 78M)
Top of the 7th over - 0 run(s), 1 hit(s), 0 error(s), 1 left on base; Port Royal 8 - Salt Lake City 2
BOTTOM OF THE 7TH
Salt Lake City Buzz batting - Pitching for Port Royal Disaster : RHP Miguel Hernández
Batting: RHB Juan Martínez 0-0: Fly out, F9 (Flyball, 9)
Batting: RHB Justin MacPherson 0-0: Foul Ball, location: 2F
0-1: Swinging Strike
0-2: Ball
1-2: Foul Ball, location: 2F
1-2: Ground out 6-3 (Groundball, 6)
Batting: SHB Carlton Reed 0-0: Foul Ball, location: 2F
0-1: Ball
1-1: Ball
2-1: Swinging Strike
2-2: SOLO HOME RUN (Flyball, 9D), Distance : 404 ft
Batting: LHB Randy Schlosser 0-0: Foul Ball, location: 2F
0-1: Ball
1-1: SINGLE (Groundball, 6D)
Batting: RHB Gustavo Berrios 0-0: Called Strike
0-1: Swinging Strike
0-2: Ball
1-2: Strikes out looking
Bottom of the 7th over - 1 run(s), 2 hit(s), 0 error(s), 1 left on base; Port Royal 8 - Salt Lake City 3
TOP OF THE 8TH
Port Royal Disaster batting - Pitching for Salt Lake City Buzz : RHP Pedro Espinoza
Pitching: LHP Marc Burns
Batting: LHB Davis Mills 0-0: Foul Ball, location: 2F
0-1: Foul Ball, location: 2F
0-2: Ball
1-2: Ball
2-2: Ball
3-2: Strikes out swinging
Batting: RHB Manuel Becerra 0-0: Called Strike
0-1: Foul Ball, location: 2F
0-2: Foul Ball, location: 2F
0-2: Ball
1-2: Ball
2-2: Fly out, F8 (Line Drive, 8LM)
Batting: RHB Sergio Martínez 0-0: Fly out, F7 (Flyball, 7LS)
Top of the 8th over - 0 run(s), 0 hit(s), 0 error(s), 0 left on base; Port Royal 8 - Salt Lake City 3
BOTTOM OF THE 8TH
Salt Lake City Buzz batting - Pitching for Port Royal Disaster : RHP Miguel Hernández
Batting: SHB Raymond Bright 0-0: Ball
1-0: Called Strike
1-1: Swinging Strike
1-2: Ball
2-2: Ground out 6-3 (Groundball, 56)
Batting: RHB Alan Rosales 0-0: Ball
1-0: Called Strike
1-1: Called Strike
1-2: SINGLE (Line Drive, 7LS)
Batting: RHB Patrick Clark 0-0: Called Strike
0-1: Foul Ball, location: 2F
0-2: Fly out, F7 (Flyball, 7)
Batting: SHB Shelby Reusch 0-0: Called Strike
0-1: Ball
1-1: Foul Ball, location: 2F
1-2: Ball
2-2: Strikes out swinging
Bottom of the 8th over - 0 run(s), 1 hit(s), 0 error(s), 1 left on base; Port Royal 8 - Salt Lake City 3
TOP OF THE 9TH
Port Royal Disaster batting - Pitching for Salt Lake City Buzz : LHP Marc Burns
Batting: RHB Martín Méndez 0-0: Ball
1-0: SINGLE (Line Drive, 4M)
Batting: LHB José Martínez 0-0: Ball
1-0: Ball
2-0: Called Strike
2-1: Fielders Choice at 2nd, 6-4 (Groundball, 56D)
Batting: SHB Arsenio Sameiro 0-0: Ball
1-0: Ball
2-0: Foul Ball, location: 2F
2-1: Ball
Wild Pitch!
José Martínez to second
3-1: Called Strike
3-2: Base on Balls
Batting: RHB Ronnie Cleveland 0-0: Ball
1-0: Foul Ball, location: 2F
1-1: Ground out 5-3 (Groundball, 56S)
José Martínez to third
Arsenio Sameiro to second
Pitching: RHP Jim Unknown
Batting: RHB David McJannett 0-0: Foul Ball, location: 2F
0-1: Foul Ball, location: 2F
0-2: Ball
1-2: Strikes out swinging
Top of the 9th over - 0 run(s), 1 hit(s), 0 error(s), 2 left on base; Port Royal 8 - Salt Lake City 3
BOTTOM OF THE 9TH
Salt Lake City Buzz batting - Pitching for Port Royal Disaster : RHP Miguel Hernández
Batting: RHB Juan Martínez 0-0: Called Strike
0-1: Ball
1-1: Swinging Strike
1-2: Foul Ball, location: 2F
1-2: Ball
2-2: Ground out 6-3 (Groundball, 6S)
Batting: RHB Justin MacPherson 0-0: DOUBLE (Line Drive, 8LD)
Batting: SHB Carlton Reed 0-0: Fly out, F7 (Flyball, 78M)
Batting: LHB Randy Schlosser 0-0: Swinging Strike
0-1: Ball
1-1: Called Strike
1-2: Ball
2-2: Foul Ball, location: 2F
2-2: Ball
3-2: Base on Balls
Batting: RHB Gustavo Berrios 0-0: Ball
1-0: Ball
2-0: Ball
3-0: Called Strike
3-1: Base on Balls
Justin MacPherson to third
Randy Schlosser to second
Pitching: LHP António Venegas
Batting: SHB Raymond Bright 0-0: Ball
1-0: Called Strike
1-1: Ball
2-1: Fly out, F4 (Popup, 34D)
Bottom of the 9th over - 0 run(s), 1 hit(s), 0 error(s), 3 left on base; Port Royal 8 - Salt Lake City 3
Friday, December 30th, 2016 - OOTP Baseball 17.12 Build 75